 Dungeon Crawl Stone Soup version 0.27-a0-1139-g28e009f8a6 (webtiles) character file.

Game seed: 14140630934629909646

11 leviel the Magician (level 2, -1/21 HPs)
             Began as a Djinni Hedge Wizard on May 7, 2021.
             Slain by Terence
             ... wielding a +0 mace
              (8 damage)
             ... on level 2 of the Dungeon.
             The game lasted 00:00:58 (933 turns).

leviel the Magician (Djinni Hedge Wizard)            Turns: 933, Time: 00:00:59

Health: -1/21      AC:  2    Str:  9    XL:     2   Next: 25%
Gold:   21         EV: 12    Int: 15    God:
                   SH:  0    Dex: 12

rFire    + + .     SeeInvis .   a - +0 dagger
rCold    x . .     Faith    .   (no shield)
rNeg     . . .     Spirit   .   b - +0 robe
rPois    ∞         Reflect  .   c - +0 hat
rElec    .         Harm     .   (no cloak)
rCorr    .         Rampage  .   (no gloves)
Will     .....                  (boots unavailable)
Stlth    ++........             (no amulet)
HPRegen  0.07/turn              (no ring)
MPRegen  0.00/turn              (no ring)

@: flying
A: sickness immunity, fire resistance 2, cold vulnerability 1, float, innate
caster, hp casting, extra vitality 1
a: no special abilities


You were on level 2 of the Dungeon.
You visited 1 branch of the dungeon, and saw 2 of its levels.

You collected 21 gold pieces.

Inventory:

Hand Weapons
 a - a +0 dagger (weapon)
Armour
 b - a +0 robe (worn)
 c - a +0 hat (worn)
Scrolls
 d - a scroll of teleportation {unknown}
 e - a scroll of noise {unknown}


   Skills:
 + Level 2.2 Dodging
 + Level 1.6 Stealth
 * Level 3.1 Spellcasting


You couldn't memorise any spells.
You knew the following spells:

 Your Spells              Type           Power      Damage    Failure   Level
a - Magic Dart            Conj           44%        1d5       5%          1
b - Blink                 Tloc           N/A        N/A       9%          2
c - Call Imp              Summ           11%        N/A       9%          2
d - Slow                  Hex            11%        N/A       9%          2
e - Conjure Flame         Conj/Fire      11%        6-21      16%         3
f - Mephitic Cloud        Conj/Pois/Air  11%        N/A       16%         3
Your spell library was empty.

Dungeon Overview and Level Annotations

Branches:
Dungeon (2/15)

Altars:

Shops:
D:1 [

Annotations:
D:2 Terence


Innate Abilities, Weirdness & Mutations

You are immune to sickness and miasma.
You are immune to poison.
Your flesh is very heat resistant. (rF++)
You are vulnerable to cold. (rC-)
You float through the air rather than walking.
You learn spells naturally, not from books.
Your magical power is your life essence.
You have superior vitality. (+4 HP)


Message History

The worm is heavily wounded.
The magic dart hits the worm.
The worm is heavily wounded.
The magic dart hits the worm.
The worm is almost dead.
The magic dart hits the worm.
You kill the worm!
You can't see any susceptible monsters within range! (Use Z to cast anyway.)
You can't see any susceptible monsters within range! (Use Z to cast anyway.)
You can't see any susceptible monsters within range! (Use Z to cast anyway.)
Your magical contamination has completely faded away.
HP restored.
A bat comes into view.
A bat is nearby!
A bat is nearby!
A bat is nearby!
The magic dart hits the bat.
You kill the bat!
You can't see any susceptible monsters within range! (Use Z to cast anyway.)
You can't see any susceptible monsters within range! (Use Z to cast anyway.) Terence the Incautious comes into view.
He is wielding a +0 mace.
Terence is nearby!
The magic dart hits Terence but does no damage.
Terence shouts!
The magic dart hits Terence but does no damage.
The magic dart hits Terence.
Terence is moderately wounded.
Terence closely misses you.
The magic dart hits Terence but does no damage.
Terence is moderately wounded.
Terence hits you with a +0 mace!
Ouch! That really hurt!
* * * LOW HITPOINT WARNING * * *
You are too injured to fight recklessly!
You are too injured to fight recklessly!
You are too injured to fight recklessly!
You are too injured to fight recklessly!
There is a stone staircase leading up here.
Terence hits you with a +0 mace!
You die...

#.#..# #.#..#
#.#..# #.#..#
#.#..####...
#†#.....†...
#.#.#####.##
########..#.##
.......@@###.#
#######.##
##....... ##.
###.### #. #.
.# #


You could see Terence.

Vanquished Creatures
  A worm (D:2)
  2 hobgoblins (D:1)
  2 kobolds (D:1)
  A ball python (D:1)
  A bat (D:2)
  A frilled lizard (D:1)
8 creatures vanquished.

Notes
Turn   | Place    | Note
-------+----------+-------------------------------------------
     0 | D:1      | leviel the Djinni Hedge Wizard began the quest for the Orb.
     0 | D:1      | Reached XP level 1. HP: 15/15 MP: 0/0
   333 | D:1      | Found Ceskiss's Armour Shop.
   550 | D:1      | Reached skill level 3 in Spellcasting
   550 | D:1      | Reached XP level 2. HP: 20/21 MP: 0/0
   923 | D:2      | Noticed Terence
   933 | D:2      | Slain by Terence

Illustrated notes

Levels and vault maps discovered:
D:1:      dpeg_arrival_court, layout_basic, serial_shops,
          nicolae_shop_window_shopping
D:2:      layout_loops_ring, uniq_terence

Skill      XL: |  1 |
---------------+----+-----
Spellcasting   | 3 |  3.1
Dodging        | |  2.2
Stealth        | |  1.6

Action                   || total
-------------------------++-------
 Cast: Magic Dart        ||    23
Dodge: Dodged            ||     1

Table legend: (Time is in decaauts)
 A = Elapsed time spent in this place.
 B = Non-inter-level travel time spent in this place.
 C = Inter-level travel time spent in this place.
 D = Time resting spent in this place.
 E = Time spent auto-exploring this place.
 F = Levels seen in this place.
 G = Mean time per level.
                   A        B        C        D        E       F      G
               +--------+--------+--------+--------+--------+-----+--------+
         Total |    932 |    909 |     23 |      0 |    866 |   2 |  466.0 |
       Dungeon |    932 |    909 |     23 |      0 |    866 |   2 |  466.0 |
               +--------+--------+--------+--------+--------+-----+--------+

Top non-repeatable levels by time:
     D:1: 799 daAuts
     D:2: 133 daAuts
